 Dungeon Crawl Stone Soup version 0.24.0-41-g2ae2f7f1be (webtiles) character file.

Game seed: 701071168085701903, levelgen mode: deterministic

45 Goreval the Sneak (level 3, 0/18 HPs)
             Began as a Vine Stalker Assassin on Dec 10, 2019.
             Slain by an adder (2 damage)
             ... on level 1 of the Dungeon.
             The game lasted 00:03:14 (1328 turns).

Goreval the Sneak (Vine Stalker Assassin)           Turns: 1328, Time: 00:03:14

Health: 0/18       AC:  3    Str: 13    XL:     3   Next: 64%
Magic:  0/4        EV: 12    Int: 11    God:
Gold:   30         SH:  0    Dex: 16    Spells: 2/2 levels left

rFire    + . .     SeeInvis .   a - +2 dagger
rCold    . . .     Gourm    .   (no shield)
rNeg     . . .     Faith    .   b - +0 robe
rPois    .         Spirit   +   (no helmet)
rElec    .         Reflect  .   c - +0 cloak
rCorr    .         Harm     .   (no gloves)
MR       .....                  (no boots)
Stlth    +++.......             (no amulet)
HPRegen  0.06/turn              l - ring of protection from fire
MPRegen  0.09/turn              (no ring)

@: lethally poisoned (0 -> -4)
A: fangs 2, magic shield, antimagic bite, no potion heal 3, rot immunity
a: no special abilities


You were on level 1 of the Dungeon.
You were not hungry.

You visited 1 branch of the dungeon, and saw 2 of its levels.

You collected 30 gold pieces.

Inventory:

Hand Weapons
 a - a +2 dagger (weapon)
Missiles
 d - 2 poisoned darts (quivered)
 e - 2 curare-tipped darts
 g - 53 stones
 m - 2 boomerangs
Armour
 b - a +0 robe (worn)
 c - a +0 cloak (worn)
 p - a +1 hat
Jewellery
 l - a ring of protection from fire (left hand)
Scrolls
 h - a scroll of immolation {unknown}
 i - 2 scrolls of teleportation {unknown}
 n - a scroll of blinking {unknown}
 o - 2 scrolls of identify {unknown}
Potions
 j - 3 potions of curing {unknown}
 q - a potion of brilliance {unknown}
Comestibles
 f - 4 rations
 k - a chunk of flesh


   Skills:
 - Level 2.0 Fighting
 * Level 2.6 Short Blades
 * Level 2.5 Throwing
 - Level 1.0 Dodging
 - Level 5.0 Stealth


You had 2 spell levels left.
You didn't know any spells.
Your spell library was empty.

Dungeon Overview and Level Annotations

Branches:
Dungeon (2/15)

Altars:


Innate Abilities, Weirdness & Mutations

You have extremely sharp teeth.
When hurt, damage is shared between your health and your magic reserves.
Your bite disrupts and absorbs the magic of your enemies.
Potions cannot restore your health.
You are immune to rotting.


Message History

The adder closely misses you.
You hit the adder. The adder completely misses you.
You hit the adder but do no damage. The adder barely misses you.
The adder misses you.
You barely miss the adder. You bite the adder. You drain its power.
You feel invigorated.
You feel sick. The adder bites you.
You closely miss the adder. Your bite misses the adder.
The adder looks more healthy.
The adder bites you.
* * * LOW HITPOINT WARNING * * *
You are lethally poisoned!
The adder poisons you!
You hit the adder. The adder barely misses you.
You barely miss the adder. Your bite misses the adder. The adder bites you.
* * * LOW HITPOINT WARNING * * *
Unknown command.
You barely miss the adder. Your bite misses the adder.
* * * LOW HITPOINT WARNING * * *
You feel sick. The adder barely misses you.
You closely miss the adder. The adder bites you.
You die...

####### ##..@..##
##...S...##
#.........#
#......รท..#
#>...>....#
#.........#####
#.............#
###.........###.#
##......(........##
###


You could see an adder.

Vanquished Creatures
  An ooze (D:1)
  4 dart slugs (D:1)
  A leopard gecko (D:1)
  A giant cockroach (D:1)
  7 hobgoblins
  2 kobolds (D:1)
  4 bats (D:1)
  3 frilled lizards (D:1)
  2 goblins (D:1)
  9 rats
34 creatures vanquished.

Notes
Turn   | Place    | Note
-------+----------+-------------------------------------------
     0 | D:1      | Goreval the Vine Stalker Assassin began the quest for the
                  | Orb.
     0 | D:1      | Reached XP level 1. HP: 11/11 MP: 2/2
   221 | D:1      | Reached XP level 2. HP: 7/15 MP: 3/3
   558 | D:1      | Reached skill level 5 in Stealth
   564 | D:1      | Reached skill level 1 in Dodging
   566 | D:1      | Reached XP level 3. HP: 8/18 MP: 2/4
  1328 | D:1      | Slain by an adder

Levels and vault maps discovered:
D:1:      lightli_arrival_lavapool, layout_rooms
D:2:      layout_basic, tgw_trog

Skill      XL: |  1  2 |
---------------+-------+-----
Short Blades   | 2 |  2.6
Throwing       | 2 |  2.5
Fighting       | 2 |  2.0
Stealth        | 5 |  5.0
Dodging        | 1 |  1.0

Action                   || total
-------------------------++-------
Melee: Dagger            ||    81
       Bite              ||    16
Throw: Dart              ||     6
 Stab: Sleeping          ||     6
  Eat: Chunk             ||     1
Armor: Robe              ||    14
Dodge: Dodged            ||    40
